 Dungeon Crawl Stone Soup version 0.26-a0-639-g72c4674329 (webtiles) character file.

Game seed: 16335673961055427678

(classic levelgen) 2107 EnegeticOcto the Cleaver (level 9, -1/81 HPs)
             Began as a Deep Dwarf Fighter on Sept 28, 2020.
             Was an Initiate of Makhleb.
             Splashed by a jelly's acid (3 damage)
             ... on level 7 of the Dungeon.
             The game lasted 00:02:26 (3475 turns).

EnegeticOcto the Cleaver (Deep Dwarf Fighter)       Turns: 3475, Time: 00:02:27

Health: -1/81      AC: -7    Str: 23    XL:     9   Next: 7%
Magic:  4/4        EV:  5    Int:  9    God:    Makhleb [......]
Gold:   210        SH:  9    Dex: 12    Spells: 8/8 levels left

rFire    . . .     SeeInvis +   a - +0 war axe
rCold    . . .     Faith    .   c - +0 kite shield
rNeg     . . .     Spirit   .   x - +0 chain mail
rPois    .         Reflect  .   (no helmet)
rElec    .         Harm     .   (no cloak)
rCorr    .         Rampage  .   (no gloves)
MR       +....                  (no boots)
Stlth    ..........             s - amulet of the acrobat
HPRegen  0.00/turn              D - ring of see invisible
MPRegen  0.09/turn              (no ring)

@: lethally poisoned (-1 -> -7), marked, corroded, non-regenerating, very
heavily drained
A: damage resistance, heal wounds, sense surroundings 2, no regeneration
a: Heal Wounds, Renounce Religion


You were on level 7 of the Dungeon.
You worshipped Makhleb.
Makhleb was noncommittal.
You visited 2 branches of the dungeon, and saw 8 of its levels.
You also visited: Sewer.

You collected 210 gold pieces.

Inventory:

Hand Weapons
 a - a +0 war axe (weapon)
Armour
 b - a +0 scale mail
 c - a +0 kite shield (worn)
 x - a +0 chain mail (worn)
Jewellery
 s - an amulet of the acrobat (around neck)
 D - a ring of see invisible (left hand)
Wands
 A - a wand of digging (6) {@v3}
Scrolls
 e - 7 scrolls of identify {unknown}
 f - 2 scrolls of immolation {unknown}
 g - 5 scrolls of remove curse {unknown}
 i - a scroll of enchant weapon {unknown}
 j - a scroll of fog {unknown}
 n - 3 scrolls of fear {unknown}
 o - 3 scrolls of magic mapping {unknown}
 q - a scroll of blinking {unknown}
 r - 5 scrolls of teleportation {unknown}
 t - 2 scrolls of random uselessness {unknown}
 v - 2 scrolls of enchant armour {unknown}
 y - a scroll of holy word {unknown}
 C - a scroll of amnesia {unknown}
Potions
 d - 5 potions of might {@q3}
 h - a potion of resistance {unknown}
 k - a potion of magic {unknown}
 l - 3 potions of curing {unknown}
 m - 2 potions of heal wounds {unknown}
 p - a potion of haste {unknown}
 u - a potion of ambrosia {unknown}
 w - a potion of mutation {unknown}
 z - a potion of stabbing {unknown}
 B - a potion of brilliance {unknown}


   Skills:
 + Level 5.5(1.2) Fighting
 * Level 8.5(3.8) Axes
 + Level 6.6(2.1) Armour
 + Level 6.6(2.1) Shields
 + Level 1.7(0.0) Invocations


You had 8 spell levels left.
You didn't know any spells.
Your spell library was empty.

Dungeon Overview and Level Annotations

Branches:
Dungeon (7/15)             Temple (1/1) D:6           Sewer (visited)

Altars:
Ashenzari
Dithmenos
Elyvilon
Fedhas
Hepliaklqana
Kikubaaqudgha
Makhleb
Nemelex Xobeh
Okawaru
Qazlal
Ru
Sif Muna
Trog
Uskayaw
Vehumet
Wu Jian
Xom
Yredelemnul
Zin
The Shining One


Innate Abilities, Weirdness & Mutations

You are resistant to damage.
You can heal yourself by infusing magical energy.
You passively map the area around you.
You do not regenerate.


Message History

You are too injured to fight recklessly!
You are too injured to fight recklessly!
You are too injured to fight recklessly!
You are too injured to fight recklessly!
You are too injured to fight recklessly!
You are too injured to fight recklessly!
You are too injured to fight recklessly!
You are too injured to fight recklessly!
You are too injured to fight recklessly!
Your magical essence is drained by the effort!
You feel much better. You block the hound's attack.
The centaur barely misses you. You block the phantom's attack.
You block the jelly's attack.
The wight hits you with a cursed +1 falchion.
You feel drained. The hound bites you but does no damage.
The centaur barely misses you.
You closely miss the hound.
The hound is severely wounded.
You hit the centaur. You barely miss the wight. You barely miss the jelly.
You barely miss the phantom. The phantom hits you.
The hound bites you but does no damage. The jelly hits you.
You are splashed with acid.
The centaur hits you! You block the wight's attack. The phantom hits you.
The jelly barely misses you. The hound bites you.
A quokka comes into view.
You block the centaur's attack.
A centaur comes into view.
You are too injured to fight recklessly!
You are too injured to fight recklessly!
You are too injured to fight recklessly!
You are too injured to fight recklessly!
You are too injured to fight recklessly!
You are too injured to fight recklessly!
You are too injured to fight recklessly!
You are too injured to fight recklessly!
You are too injured to fight recklessly!
You are too injured to fight recklessly!
You are too injured to fight recklessly!
You are too injured to fight recklessly!
You are too injured to fight recklessly!
You are too injured to fight recklessly!
You are too injured to fight recklessly!
You are too injured to fight recklessly!
You feel much better. You block the wight's attack. The hound bites you.
You block the centaur's attack.
The phantom blinks!
The jelly barely misses you.
You feel much better. The killer bee stings you! The hound bites you.
You block the centaur's attack.
The wight hits you with a cursed +1 falchion.
The killer bee stings you.
You are poisoned.
The killer bee poisons you! The hound bites you. The jelly hits you.
You are splashed with acid!
The centaur barely misses you.
You completely miss the jelly.
The jelly is moderately wounded.
Your chain mail prevents you from hitting the killer bee.
You barely miss the hound. You closely miss the centaur.
You barely miss the wight. The killer bee stings you!
You are more poisoned.
The killer bee poisons you! The hound bites you.
You block the centaur's attack. You block the killer bee's attack.
The wight hits you with a cursed +1 falchion!
You feel drained. The jelly barely misses you. The hound bites you.
The killer bee stings you! The centaur hits you.
The wight hits you but does no damage.
You slash the jelly! The acid corrodes you!
Your hands burn!
The jelly is almost dead.
You hit the wight but do no damage. You hit the centaur but do no damage.
You closely miss the hound. You closely miss the killer bee.
The killer bee barely misses you. You block the hound's attack.
The centaur hits you. You block the jelly's attack. The killer bee stings you.
An adder zombie comes into view.
The hound bites you. You block the centaur's attack.
The wight hits you with a cursed +1 falchion.
* * * LOW HITPOINT WARNING * * *
You feel drained. You block the jelly's attack.
The phantom blinks!
The killer bee stings you.
* * * LOW HITPOINT WARNING * * *
You are more poisoned.
The killer bee poisons you!
You hit the jelly. The acid corrodes you!
Your hands burn!
* * * LOW HITPOINT WARNING * * *
The jelly is almost dead.
Your shield prevents you from hitting the killer bee.
You closely miss the hound. You hit the centaur. You closely miss the wight.
You feel very sick. The killer bee stings you!
* * * LOW HITPOINT WARNING * * *
You are more poisoned.
The killer bee poisons you! You block the hound's attack. The centaur hits you.
* * * LOW HITPOINT WARNING * * *
You block the killer bee's attack. The hound bites you.
The wight hits you with a cursed +1 falchion.
You feel drained. You block the centaur's attack. The jelly hits you.
* * * LOW HITPOINT WARNING * * *
The acid corrodes you!
You are splashed with acid!
* * * LOW HITPOINT WARNING * * *
A centaur comes into view.
You block the killer bee's attack.
You hit the jelly but do no damage.
Your hands burn!
You die...

, #..##.###.########## ,
* , #..###....########
#.#####................#
*
#........####.....####.#
, .##...#..#$.##...## ,
*, ,######..#...##.##, *
.........##...#.#
.#*,***
*#######...##az#J#..# ,,
**, * #....###@yr###. ,
,* #.....Zch8...... ,,
##...###c..###..,, ,
#..## '#.#+ * , , #.##
,. .# ,* *,, #.# ,.# .#
, , , * #. ,# ,.c , *,*
* * , #.* * .., , * , ,
,, **


You could see 3 centaurs, a hound, a jelly, a worker ant, a killer bee, a wight,
an adder zombie and a quokka.

Vanquished Creatures
  Grinder (D:3)
  Eustachio (D:6)
  An orc warrior (D:6)
  An ice beast (D:5)
  2 ogres
  2 centaurs
  5 bullfrogs
  A scorpion (D:5)
  4 wights (D:7)
  A hound (D:6)
  2 orc priests
  A gnoll shaman (D:4)
  A jelly (D:5)
  3 orc wizards
  2 centaur skeletons (D:5)
  4 worker ants
  A hound skeleton (D:4)
  A worker ant zombie (D:6)
  6 gnolls
  12 adders
  3 river rats
  3 oozes
  An adder skeleton (D:5)
  2 worms
  2 leopard geckos
  19 orcs
  15 ball pythons
  5 giant cockroaches
  4 goblins
  3 hobgoblins
  5 jackals
  4 quokkas
  5 bats (D:3)
  4 frilled lizards
  2 kobolds
  A leopard gecko skeleton (D:4)
  A quokka skeleton (D:4)
  28 rats
159 creatures vanquished.

Notes
Turn   | Place    | Note
-------+----------+-------------------------------------------
     0 | D:1      | EnegeticOcto the Deep Dwarf Fighter began the quest for the
                  | Orb.
     0 | D:1      | Reached XP level 1. HP: 20/20 MP: 1/1
    87 | D:1      | Reached XP level 2. HP: 27/27 MP: 2/2
   241 | D:3      | Found a faded altar of an unknown god.
   250 | D:3      | Reached skill level 3 in Axes
   253 | D:3      | Reached XP level 3. HP: 30/33 MP: 3/3
   275 | D:3      | Reached XP level 4. HP: 30/42 MP: 4/4
   662 | D:3      | Reached skill level 4 in Axes
   675 | D:3      | Reached XP level 5. HP: 28/49 MP: 4/4
   739 | D:3      | Found a glowing drain.
   757 | Sewer    | Entered a sewer
   938 | Sewer    | Reached XP level 6. HP: 24/56 MP: 5/5
  1000 | Sewer    | Reached skill level 5 in Axes
  1085 | D:3      | Found a shimmering altar of Xom.
  1085 | D:3      | Noticed Grinder
  1087 | D:3      | Found an ancient bone altar of Kikubaaqudgha.
  1087 | D:3      | Found a bloodstained altar of Trog.
  1089 | D:3      | Found a shimmering blue altar of Sif Muna.
  1089 | D:3      | Found a shadowy altar of Dithmenos.
  1089 | D:3      | Found a glowing golden altar of the Shining One.
  1101 | D:3      | Paralysed by Grinder for 3 turns
  1111 | D:3      | Killed Grinder
  1111 | D:3      | Reached skill level 5 in Armour
  1111 | D:3      | Reached skill level 5 in Shields
  1111 | D:3      | Reached XP level 7. HP: 54/64 MP: 5/5
  1426 | D:4      | Reached skill level 6 in Axes
  1614 | D:5      | Entered Level 5 of the Dungeon
  2106 | D:5      | Reached XP level 8. HP: 55/73 MP: 5/5
  2145 | D:5      | Found a sacrificial altar of Ru.
  2145 | D:5      | Found a hazy altar of Hepliaklqana.
  2146 | D:5      | Found a basalt altar of Yredelemnul.
  2253 | D:6      | Reached skill level 7 in Axes
  2439 | D:6      | Reached skill level 5 in Fighting
  2593 | D:6      | Noticed Eustachio
  2610 | D:6      | Killed Eustachio
  2610 | D:6      | Reached skill level 8 in Axes
  2668 | D:6      | Found a staircase to the Ecumenical Temple.
  2771 | Temple   | Entered the Ecumenical Temple
  2883 | Temple   | Became a worshipper of Makhleb the Destroyer
  3307 | D:7      | Reached skill level 1 in Invocations
  3317 | D:7      | Gained mutation: You passively map the area around you.
                  | [Deep Dwarf growth]
  3317 | D:7      | Reached XP level 9. HP: 47/81 MP: 5/5
  3474 | D:7      | HP: 2/81 [acid (8)]
  3475 | D:7      | Splashed by a jelly's acid

Illustrated notes

Levels and vault maps discovered:
D:1:      sevenhm_arrival_forest_fort_small_3, layout_rooms
D:2:      minmay_general_purpose_star, layout_basic, lemuel_round_altar,
          serial_corexii_hall, chequers_hall_statues_wall_a,
          chequers_hall_statues_y
D:3:      layout_basic, lemuel_crystal_altar,
          chequers_ecumenical_altar_simple_redux, cheibrodos_sewer_entry_sluice,
          doesnt_xom_only_xom, uniq_grinder
D:4:      layout_rooms, hangedman_decor_riveting, minmay_close_crescents
D:5:      layout_loops_ring, grunt_temple_overflow_open, minmay_holes
D:6:      layout_cave_pods, minmay_temple_entry_arrows, uniq_eustachio
D:7:      cheibrodos_barr_body, layout_loops_ring, serial_shops,
          nicolae_shop_crystal
Temple:   compressed_dpeg_circular_temple

Skill      XL: |  1  2  3  4  5  6  7  8 |
---------------+-------------------------+-----
Axes           | 3 4 5 6 8 |  8.5
Fighting       | 3 4 5 |  5.5
Armour         | 4 5 6 |  6.6
Shields        | 4 5 6 |  6.6
Invocations    | 1 |  1.7

Action                   |  1- 3 |  4- 6 |  7- 9 || total
-------------------------+-------+-------+-------++-------
Melee: War axe           |    47 |   230 |   293 ||   570
 Abil: Heal Wounds       |       |     7 |    13 ||    20
Armor: Scale mail        |    30 |   160 |    42 ||   232
       Chain mail        |       |       |    76 ||    76
Dodge: Dodged            |    14 |    86 |   111 ||   211
Block: Kite shield       |    30 |   187 |   192 ||   409

Table legend: (Time is in decaauts)
 A = Elapsed time spent in this place.
 B = Non-inter-level travel time spent in this place.
 C = Inter-level travel time spent in this place.
 D = Time resting spent in this place.
 E = Time spent auto-exploring this place.
 F = Levels seen in this place.
 G = Mean time per level.
                   A        B        C        D        E       F      G
               +--------+--------+--------+--------+--------+-----+--------+
         Total |   3705 |   3479 |    226 |      0 |   2365 |   9 |  411.7 |
       Dungeon |   3215 |   3027 |    188 |      0 |   2127 |   7 |  459.3 |
        Temple |    126 |     89 |     37 |      0 |     87 |   1 |  126.0 |
         Sewer |    363 |    363 |      0 |      0 |    151 |   1 |  363.0 |
               +--------+--------+--------+--------+--------+-----+--------+

Top non-repeatable levels by time:
     D:6: 860 daAuts
     D:3: 696 daAuts
     D:5: 647 daAuts
     D:4: 489 daAuts
   Sewer: 363 daAuts
     D:7: 274 daAuts
     D:2: 127 daAuts
  Temple: 126 daAuts
     D:1: 120 daAuts
